MLB
BALTIMORE ORIOLES @ CLEVELAND GUARDIANS
05/19/2042
 
TOP OF THE 1ST
Baltimore Orioles batting - Pitching for Cleveland Guardians : RHP Mario Medina
Pitching: RHP Mario Medina
Batting: RHB Jon Hughes 0-0: Ball
1-0: Called Strike
1-1: Ball
2-1: Foul Ball, location: 7LMF
2-2: Strikes out looking
Batting: RHB Joe Cavanagh 0-0: Fly out, F6 (Popup, 6MS, EV 78.1 MPH)
Batting: LHB Juan Jose Cabrera 0-0: Fly out, F9 (Flyball, 9, EV 93.1 MPH)
Top of the 1st over - 0 runs, 0 hits, 0 errors, 0 left on base; Baltimore 0 - Cleveland 0
BOTTOM OF THE 1ST
Cleveland Guardians batting - Pitching for Baltimore Orioles : RHP Víctor Castillo
Pitching: RHP Víctor Castillo
Batting: RHB José Rodríguez 0-0: Ball
1-0: Ball
2-0: Ball
3-0: Called Strike
3-1: SINGLE (Groundball, 6D, EV 94.4 MPH)
Batting: RHB Jeff Jacobs 0-0: Called Strike
0-1: Foul Ball, location: 9LSF
0-2: Ball
1-2: Ball
2-2: Ball
3-2: Strikes out swinging
José Rodríguez steals 2nd base
Batter strikes out.
Batting: RHB Luis García 0-0: Called Strike
0-1: Fly out, F7 (Flyball, 78M, EV 97.5 MPH)
Batting: RHB Raúl Benítez 0-0: Swinging Strike
0-1: Swinging Strike
0-2: Ball
1-2: Ball
2-2: Ball
3-2: Base on Balls
Batting: LHB António Caligas 0-0: Called Strike
0-1: Swinging Strike
0-2: Ball
1-2: Foul Ball, location: 7LSF
1-2: Strikes out swinging
Bottom of the 1st over - 0 runs, 1 hit, 0 errors, 2 left on base; Baltimore 0 - Cleveland 0
TOP OF THE 2ND
Baltimore Orioles batting - Pitching for Cleveland Guardians : RHP Mario Medina
Batting: RHB Kratukarana Multani 0-0: Ball
1-0: Foul Ball, location: 2F
1-1: Ball
2-1: Swinging Strike
2-2: Foul Ball, location: 3F
2-2: Ball
3-2: SOLO HOME RUN (Flyball, 9LD, EV 96.3 MPH), Distance : 336 ft
Batting: LHB Samad Beybukov 0-0: Ball
1-0: Ball
2-0: Swinging Strike
2-1: Swinging Strike
2-2: Foul Ball, location: 23F
2-2: Strikes out swinging
Batting: RHB Mikolas Polansky 0-0: Fly out, F8 (Flyball, 8RM, EV 83.8 MPH)
Batting: RHB Sean Manley 0-0: Called Strike
0-1: Ball
1-1: Ball
2-1: Ground out 4-3 (Groundball, 4MD, EV 95.6 MPH)
Top of the 2nd over - 1 run, 1 hit, 0 errors, 0 left on base; Baltimore 1 - Cleveland 0
BOTTOM OF THE 2ND
Cleveland Guardians batting - Pitching for Baltimore Orioles : RHP Víctor Castillo
Batting: RHB Faust Ghisolfi 0-0: Called Strike
0-1: Fly out, F8 (Flyball, 8RXD, EV 81.3 MPH)
Batting: LHB Juan Morales 0-0: Swinging Strike
0-1: Called Strike
0-2: Ball
1-2: Strikes out swinging
Batting: SHB Tim Webster 0-0: Swinging Strike
0-1: Ball
1-1: Ball
2-1: Ball
3-1: Foul Ball, location: 2F
3-2: Base on Balls
Batting: RHB Josh Wilson 0-0: Called Strike
0-1: Ball
1-1: Swinging Strike
1-2: Strikes out swinging
Bottom of the 2nd over - 0 runs, 0 hits, 0 errors, 1 left on base; Baltimore 1 - Cleveland 0
TOP OF THE 3RD
Baltimore Orioles batting - Pitching for Cleveland Guardians : RHP Mario Medina
Batting: RHB Remigio Aguilar 0-0: Ball
1-0: Swinging Strike
1-1: Swinging Strike
1-2: Strikes out swinging
Batting: SHB Nelson Jiménez 0-0: Called Strike
0-1: Foul Ball, location: 7LMF
0-2: Ball
1-2: Ball
2-2: SINGLE (Groundball, 34D, EV 96.9 MPH)
Batting: RHB Jon Hughes 0-0: Swinging Strike
0-1: Foul Ball, location: 9LDF
0-2: Ball
1-2: Strikes out swinging
Batting: RHB Joe Cavanagh 0-0: Ball
1-0: Swinging Strike
1-1: Ball
2-1: Foul Ball, location: 2F
2-2: Strikes out swinging
Top of the 3rd over - 0 runs, 1 hit, 0 errors, 1 left on base; Baltimore 1 - Cleveland 0
BOTTOM OF THE 3RD
Cleveland Guardians batting - Pitching for Baltimore Orioles : RHP Víctor Castillo
Batting: RHB José Rodríguez 0-0: Fly out, F4 (Popup, 34S, EV 73.8 MPH)
Batting: RHB Jeff Jacobs 0-0: Called Strike
0-1: Swinging Strike
0-2: Strikes out swinging
Batting: RHB Luis García 0-0: Fly out, F7 (Flyball, 7, EV 91.3 MPH)
Bottom of the 3rd over - 0 runs, 0 hits, 0 errors, 0 left on base; Baltimore 1 - Cleveland 0
TOP OF THE 4TH
Baltimore Orioles batting - Pitching for Cleveland Guardians : RHP Mario Medina
Batting: LHB Juan Jose Cabrera 0-0: Ground out 4-3 (Groundball, 13, EV 91.3 MPH)
Batting: RHB Kratukarana Multani 0-0: Ball
1-0: Fly out, F8 (Flyball, 8RXD, EV 98.1 MPH)
Batting: LHB Samad Beybukov 0-0: Swinging Strike
0-1: Called Strike
0-2: Ball
1-2: Ball
2-2: Ball
3-2: Foul Ball, location: 7LDF
3-2: Fly out, F9 (Flyball, 9LM, EV 93.8 MPH)
Top of the 4th over - 0 runs, 0 hits, 0 errors, 0 left on base; Baltimore 1 - Cleveland 0
BOTTOM OF THE 4TH
Cleveland Guardians batting - Pitching for Baltimore Orioles : RHP Víctor Castillo
Batting: RHB Raúl Benítez 0-0: Called Strike
0-1: Swinging Strike
0-2: Ball
1-2: Ball
2-2: Foul Ball, location: 25F
2-2: Strikes out swinging
Batting: LHB António Caligas 0-0: Called Strike
0-1: Ball
1-1: Ball
2-1: Called Strike
2-2: Ball
3-2: Base on Balls
Batting: RHB Faust Ghisolfi 0-0: Called Strike
0-1: Fly out, F9 (Flyball, 9, EV 87.5 MPH)
Batting: LHB Juan Morales 0-0: Called Strike
0-1: Ball
1-1: Foul Ball, location: 2F
1-2: SINGLE (Groundball, 6MD, EV 108.1 MPH)
António Caligas to second
Batting: SHB Tim Webster 0-0: Foul Ball, location: 2F
0-1: Foul Ball, location: 7LSF
0-2: Strikes out swinging
Bottom of the 4th over - 0 runs, 1 hit, 0 errors, 2 left on base; Baltimore 1 - Cleveland 0
TOP OF THE 5TH
Baltimore Orioles batting - Pitching for Cleveland Guardians : RHP Mario Medina
Batting: RHB Mikolas Polansky 0-0: Called Strike
0-1: Foul Ball, location: 2F
0-2: Ball
1-2: Foul Ball, location: 2F
1-2: Strikes out looking
Batting: RHB Sean Manley 0-0: Called Strike
0-1: Foul Ball, location: 9LDF
0-2: Fly out, F9 (Flyball, 9, EV 94.4 MPH)
Batting: RHB Remigio Aguilar 0-0: Called Strike
0-1: Ball
1-1: Ground out 4-3 (Groundball, 4, EV 102.5 MPH)
Top of the 5th over - 0 runs, 0 hits, 0 errors, 0 left on base; Baltimore 1 - Cleveland 0
BOTTOM OF THE 5TH
Cleveland Guardians batting - Pitching for Baltimore Orioles : RHP Víctor Castillo
Batting: RHB Josh Wilson 0-0: Ground out 6-3 (Groundball, 56, EV 110.6 MPH)
Batting: RHB José Rodríguez 0-0: Ground out 6-3 (Groundball, 6S, EV 86.9 MPH)
Batting: RHB Jeff Jacobs 0-0: Called Strike
0-1: Ball
1-1: Swinging Strike
1-2: Foul Ball, location: 3FF
1-2: Foul Ball, location: 9LDF
1-2: Ball
2-2: Foul Ball, location: 2F
2-2: Ball
3-2: Base on Balls
Batting: RHB Luis García 0-0: Called Strike
0-1: Foul Ball, location: 5DF
0-2: Strikes out looking
Bottom of the 5th over - 0 runs, 0 hits, 0 errors, 1 left on base; Baltimore 1 - Cleveland 0
TOP OF THE 6TH
Baltimore Orioles batting - Pitching for Cleveland Guardians : RHP Mario Medina
Batting: SHB Nelson Jiménez 0-0: Ball
1-0: Foul Ball, location: 2F
1-1: Reached on error, E6 (Groundball, 4D, EV 90.0 MPH)
Batting: RHB Jon Hughes 0-0: Foul Ball, location: 2F
0-1: SINGLE (Line Drive, 78S, EV 105.6 MPH)
Nelson Jiménez to second
Batting: RHB Joe Cavanagh 0-0: Foul Ball, location: 2F
0-1: Ball
1-1: Called Strike
1-2: DOUBLE (Line Drive, 9LM, EV 91.3 MPH)
Nelson Jiménez scores
Jon Hughes to third
Batting: LHB Juan Jose Cabrera 0-0: Ball
1-0: Ball
Wild Pitch!
Jon Hughes scores
Joe Cavanagh to third
2-0: Called Strike
2-1: Fly out, F8 (Flyball, 8RXD, EV 80.6 MPH)
Runner from 3rd tags up, SCORES, no throw by CF
Batting: RHB Kratukarana Multani 0-0: Ball
1-0: Called Strike
1-1: Ball
2-1: Ball
3-1: Called Strike
3-2: Base on Balls
Batting: LHB Samad Beybukov 0-0: Called Strike
0-1: Fielders Choice at 2nd, 3-6 (Groundball, 3S, EV 80.0 MPH)
Batting: RHB Mikolas Polansky 0-0: Ball
1-0: Ball
2-0: Ball
3-0: Called Strike
3-1: Base on Balls
Samad Beybukov to second
Batting: RHB Sean Manley 0-0: Foul Ball, location: 3DF
0-1: Ball
1-1: Called Strike
1-2: Ball
2-2: Foul Ball, location: 25F
2-2: Foul Ball, location: 25F
2-2: Strikes out swinging
Top of the 6th over - 3 runs, 2 hits, 1 error, 2 left on base; Baltimore 4 - Cleveland 0
BOTTOM OF THE 6TH
Cleveland Guardians batting - Pitching for Baltimore Orioles : RHP Víctor Castillo
Batting: RHB Raúl Benítez 0-0: Ball
1-0: Ball
2-0: Called Strike
2-1: Foul Ball, location: 2F
2-2: Ball
3-2: Strikes out swinging
Batting: LHB António Caligas 0-0: Called Strike
0-1: SOLO HOME RUN (Flyball, 78XD, EV 107.5 MPH), Distance : 407 ft
Batting: RHB Faust Ghisolfi 0-0: Ball
1-0: Called Strike
1-1: Swinging Strike
1-2: Strikes out swinging
Batting: LHB Juan Morales 0-0: Ball
1-0: Called Strike
1-1: Ball
2-1: SINGLE (Line Drive, 7S, EV 93.1 MPH)
Pitching: RHP Steve O'Cuirneen
Batting: SHB Tim Webster 0-0: Foul Ball, location: 23FF
0-1: Ball
1-1: Ball
2-1: Swinging Strike
2-2: Foul Ball, location: 2F
2-2: Foul Ball, location: 7LSF
2-2: Ball
3-2: Strikes out swinging
Bottom of the 6th over - 1 run, 2 hits, 0 errors, 1 left on base; Baltimore 4 - Cleveland 1
TOP OF THE 7TH
Baltimore Orioles batting - Pitching for Cleveland Guardians : RHP Mario Medina
Batting: RHB Remigio Aguilar 0-0: Ball
1-0: Fly out, F9 (Flyball, 9S, EV 91.3 MPH)
Batting: SHB Nelson Jiménez 0-0: Foul Ball, location: 3F
0-1: Foul Ball, location: 2F
0-2: Ball
1-2: Ball
2-2: Strikes out swinging
Batting: RHB Jon Hughes 0-0: Called Strike
0-1: Foul Ball, location: 23F
0-2: Strikes out swinging
Top of the 7th over - 0 runs, 0 hits, 0 errors, 0 left on base; Baltimore 4 - Cleveland 1
BOTTOM OF THE 7TH
Cleveland Guardians batting - Pitching for Baltimore Orioles : RHP Steve O'Cuirneen
Batting: RHB Josh Wilson 0-0: Foul Ball, location: 5F
0-1: Ball
1-1: Swinging Strike
1-2: Ball
2-2: Foul Ball, location: 2LF
2-2: Strikes out looking
Batting: RHB José Rodríguez 0-0: Called Strike
0-1: Ball
1-1: Called Strike
1-2: Strikes out swinging
Batting: RHB Jeff Jacobs 0-0: Ball
1-0: Swinging Strike
1-1: Ball
2-1: Ground out 6-3 (Groundball, 6, EV 87.5 MPH)
Bottom of the 7th over - 0 runs, 0 hits, 0 errors, 0 left on base; Baltimore 4 - Cleveland 1
TOP OF THE 8TH
Baltimore Orioles batting - Pitching for Cleveland Guardians : RHP Mario Medina
Batting: RHB Joe Cavanagh 0-0: Fly out, F8 (Flyball, 78D, EV 108.1 MPH)
Batting: LHB Juan Jose Cabrera 0-0: Swinging Strike
0-1: Ball
1-1: SOLO HOME RUN (Line Drive, 78XD, EV 111.3 MPH), Distance : 418 ft
Pitching: LHP Chris Fox
Batting: RHB Kratukarana Multani 0-0: Ball
1-0: SOLO HOME RUN (Flyball, 78XD, EV 101.3 MPH), Distance : 406 ft
Batting: LHB Samad Beybukov 0-0: Fly out, F9 (Flyball, 89S, EV 91.9 MPH)
Batting: RHB Mikolas Polansky 0-0: Ball
1-0: Foul Ball, location: 5FF
1-1: Called Strike
1-2: Ball
2-2: Fly out, F9 (Flyball, 89S, EV 81.3 MPH)
Top of the 8th over - 2 runs, 2 hits, 0 errors, 0 left on base; Baltimore 6 - Cleveland 1
BOTTOM OF THE 8TH
Cleveland Guardians batting - Pitching for Baltimore Orioles : RHP Steve O'Cuirneen
Batting: RHB Luis García 0-0: Ball
1-0: Ball
2-0: Called Strike
2-1: Foul Ball, location: 3DF
2-2: Strikes out swinging
Batting: RHB Raúl Benítez 0-0: Fly out, F9 (Flyball, 9LM, EV 92.5 MPH)
Batting: LHB António Caligas 0-0: Fly out, F8 (Flyball, 8RM, EV 91.3 MPH)
Bottom of the 8th over - 0 runs, 0 hits, 0 errors, 0 left on base; Baltimore 6 - Cleveland 1
TOP OF THE 9TH
Baltimore Orioles batting - Pitching for Cleveland Guardians : LHP Chris Fox
Pitching: RHP Alfredo Gutiérrez
Batting: RHB Sean Manley 0-0: Called Strike
0-1: Ball
1-1: Swinging Strike
1-2: Strikes out swinging, 2-3 out at first.
Batting: RHB Remigio Aguilar 0-0: Ball
1-0: SINGLE (Groundball, 4MD, EV 104.4 MPH)
Batting: SHB Nelson Jiménez 0-0: Swinging Strike
0-1: Ball
1-1: Called Strike
1-2: Ball
Remigio Aguilar is caught stealing 2nd base 2-6
2-2: Ball
3-2: Foul Ball, location: 5F
3-2: Strikes out swinging
Top of the 9th over - 0 runs, 1 hit, 0 errors, 0 left on base; Baltimore 6 - Cleveland 1
BOTTOM OF THE 9TH
Cleveland Guardians batting - Pitching for Baltimore Orioles : RHP Steve O'Cuirneen
Batting: RHB Faust Ghisolfi 0-0: Ground out 5-3 (Groundball, 56S, EV 91.3 MPH)
Batting: LHB Juan Morales 0-0: Ball
1-0: Ball
2-0: Called Strike
2-1: Foul Ball, location: 7LDF
2-2: Ball
3-2: Base on Balls
Batting: SHB Tim Webster 0-0: SINGLE (Groundball, 34D, EV 96.9 MPH)
Juan Morales to second
Pinch Hitting: LHB José Fontanez 0-0: Called Strike
0-1: Swinging Strike
0-2: Ball
1-2: Fielders Choice at 2nd, 3-6 (Groundball, 34, EV 81.3 MPH)
Juan Morales to third
Pinch Hitting: SHB Ken Miller 0-0: Called Strike
0-1: Ball
1-1: Ball
2-1: Ball
3-1: Called Strike
3-2: Strikes out looking
Bottom of the 9th over - 0 runs, 1 hit, 0 errors, 2 left on base; Baltimore 6 - Cleveland 1
Monday, April 29th , 2024 - OOTP Baseball 24.10 Build 82